 Dungeon Crawl Stone Soup version 0.18-a0-1426-g3b9a63c (webtiles) character file.

557 namelastname112 the Martial Artist (level 7, 0/52 HPs)
             Began as a White Draconian Transmuter on Feb 27, 2016.
             Killed by divine providence
             ... invoked by an orc priest
              (13 damage)
             ... on level 3 of the Dungeon.
             The game lasted 00:05:06 (3856 turns).

namelastname112 the Martial Artist (DrTm)           Turns: 3856, Time: 00:05:06

Health: 0/52       AC:  7    Str: 17    XL:     7   Next: 9%
Magic:  10/10      EV: 12    Int: 13    God:
Gold:   95         SH:  0    Dex: 15    Spells: 2 memorised, 7 levels left

rFire  . . .     SeeInvis .       - Unarmed
rCold  + . .     Gourm    .     (armour unavailable)
rNeg   . . .     Faith    .     (no shield)
rPois  .         Spirit   .     (helmet restricted)
rElec  .         Dismiss  .     r - +0 cloak
rCorr  .         Reflect  .     (no gloves)
SustAt .         Harm     .     (no boots)
MR     .....                    (no amulet)
Stlth  ++........               g - ring of stealth
                                h - +4 ring of strength

@: lethally poisoned (0 -> -8), short of breath, not resistant to hostile
enchantments, unstealthy
A: breathe frost, unfitting armour, stinger 1, agile 1, cold resistance 1, no
device heal 1, cold-blooded, AC +6
a: Breathe Frost


You were on level 3 of the Dungeon.
You were hungry.

You visited 1 branch of the dungeon, and saw 4 of its levels.

You collected 95 gold pieces.

Inventory:

Missiles
 a - 72 arrows
 o - a throwing net (quivered)
 w - 9 arrows of frost
Armour
 r - a +0 cloak (worn)
Jewellery
 d - an uncursed ring of flight
 g - a ring of stealth (right hand)
 h - a +4 ring of strength (left hand)
Scrolls
 e - a scroll of enchant weapon {unknown}
 i - a scroll of magic mapping {unknown}
 l - a scroll of recharging {unknown}
 m - 3 scrolls of identify
 n - 2 scrolls of remove curse {unknown}
 p - a scroll of teleportation {unknown}
 s - a scroll of enchant armour {unknown}
 v - a scroll of fear {unknown}
Potions
 f - 2 potions of curing
 k - 2 potions of ambrosia
 q - 2 potions of heal wounds
 t - a potion of haste {unknown}
 u - a potion of agility {unknown}
 z - 2 potions of degeneration {unknown}
Books
 b - a book of Changes

   Spells                             Type                      Level
   a - Beastly Appendage              Transmutation                1
   b - Sticks to Snakes               Transmutation                2
   c - Spider Form                    Transmutation/Poison         3
   d - Ice Form                       Ice/Transmutation            4
   e - Blade Hands                    Transmutation                5
 x - a book of the Tempests

   Spells                             Type                      Level
   a - Static Discharge               Conjuration/Air              3
   b - Lightning Bolt                 Conjuration/Air              5
   c - Fireball                       Conjuration/Fire             5
   d - Tornado                        Air                          9
   e - Shatter                        Earth                        9
Comestibles
 c - 5 bread rations
 j - a beef jerky


   Skills:
 - Level 1.1 Fighting
 - Level 1.7 Dodging
 + Level 8.2 Unarmed Combat
 - Level 2.0 Spellcasting
 - Level 2.0 Transmutations


You had 7 spell levels left.
You knew the following spells:

 Your Spells              Type           Power        Failure   Level  Hunger
a - Beastly Appendage     Trmt           #.....       12%         1    ##.....
x - Sticks to Snakes      Trmt           #.......     17%         2    ###....


Dungeon Overview and Level Annotations

Branches:
Dungeon (4/15)
 Temple: D:4-7

Altars:
Okawaru
Pakellas
Ru


Innate Abilities, Weirdness & Mutations

You can breathe waves of freezing cold.
You can buffet flying creatures when you breathe cold.
Your icy white scales are hard (AC +6).
Your body does not fit into most forms of armour.
Your flesh is cold resistant.
You are cold-blooded and may be slowed by cold attacks.
Your tail ends in a poisonous barb.
You are agile. (Dex +2)
Potions and wands are less effective at restoring your health.


Message History

The orc priest is heavily wounded.
The orc priest hits you but does no damage.
You are more poisoned.
You hit the orc priest but do no damage.
The orc priest is heavily wounded.
You feel sick. The orc priest closely misses you.
You hit the orc priest.
You tail-slap the orc priest, but do no damage.
The orc priest is almost dead.
You feel sick. The orc priest barely misses you.
You hit the orc priest but do no damage.
The orc priest is almost dead.
You feel sick. The phantom hits you!
* * * LOW HITPOINT WARNING * * *
You closely miss the orc priest.
The orc priest is almost dead.
You feel sick.
The orc priest calls down the wrath of Beogh upon you.
Beogh smites you!
You die...

##########.#)......#
#.#.......# #.#.......#
##########.#......##
........##.#.#.#.##
#######........#.#
#######..........#
.....##.#.#...#.o#
#....##.#.#....W@#
#....##.#.#..############
#....##.#.#.............#
#....##.#.##.##########.#
+....'.........# #......#
#....#....##.### #.###..#
#......#####.# #.###..#
###################.....#
......#...........#####.#


You could see a phantom and an orc priest.

Vanquished Creatures
  Eustachio (D:4)
  2 hounds (D:4)
  2 orc priests (D:3)
  2 orc wizards (D:3)
  A hound skeleton (D:4)
  8 adders
  A worm (D:4)
  2 dart slugs (D:1)
  3 giant geckos
  3 orcs
  6 bats
  3 giant cockroaches
  2 goblins
  3 hobgoblins
  2 jackals (D:4)
  4 kobolds
  A quokka (D:4)
  5 giant newts
  5 rats
56 creatures vanquished.

Vanquished Creatures (collateral kills)
  The ghost of namelastname112 the Ruffian, an amateur DrTm (D:3)
  A hound (D:4)
  An adder (D:4)
  2 orcs (D:3)
  A goblin (D:2)
6 creatures vanquished.

Grand Total: 62 creatures vanquished

Notes
Turn   | Place    | Note
--------------------------------------------------------------
     0 | D:1      | namelastname112 the Draconian Transmuter began the quest for the Orb.
     0 | D:1      | Reached XP level 1. HP: 16/16 MP: 3/3
   321 | D:1      | Reached XP level 2. HP: 23/23 MP: 5/5
   423 | D:1      | Learned a level 2 spell: Sticks to Snakes
   890 | D:2      | Reached skill level 4 in Unarmed Combat
  1059 | D:2      | Reached XP level 3. HP: 28/28 MP: 6/6
  1435 | D:2      | Reached skill level 5 in Unarmed Combat
  1435 | D:2      | Reached XP level 4. HP: 23/35 MP: 7/7
  1574 | D:3      | Noticed namelastname112's ghost (amateur DrTm)
  1647 | D:2      | Reached XP level 5. HP: 12/40 MP: 5/8
  1867 | D:2      | Gained mutation: Your tail ends in a poisonous barb. [potion of mutation]
  1867 | D:2      | Gained mutation: Potions and wands are less effective at restoring your health. [potion of mutation]
  1867 | D:2      | Gained mutation: You are agile. (Dex +2) [potion of mutation]
  1925 | D:3      | Killed namelastname112's ghost
  1925 | D:3      | Reached skill level 6 in Unarmed Combat
  3053 | D:4      | Found a sacrificial altar of Ru.
  3060 | D:4      | Found an oddly glowing altar of Pakellas.
  3141 | D:4      | Reached XP level 6. HP: 41/47 MP: 9/9
  3154 | D:4      | Reached skill level 7 in Unarmed Combat
  3710 | D:4      | Found an iron altar of Okawaru.
  3710 | D:4      | Noticed Eustachio
  3723 | D:4      | Killed Eustachio
  3723 | D:4      | Reached skill level 8 in Unarmed Combat
  3786 | D:3      | Your scales start taking on an icy white colour.
  3786 | D:3      | Reached XP level 7. HP: 45/52 MP: 10/10
  3786 | D:3      | Gained mutation: Your flesh is cold resistant. [White Draconian growth]
  3856 | D:3      | Killed from afar by an orc priest

Vault maps used:
D:1:      lemuel_arrival_river_passageway
D:2:      first_bread, st_stairs_7, kennysheep_cross_room
D:3:      roderic_serpentine_path
D:4:      nicolae_overflow_hidden_temple, uniq_eustachio

Skill      XL: |  1  2  3  4  5  6 |
---------------+-------------------+-----
Unarmed Combat | 4 5 6 8 |  8.2
Fighting       | |  1.1
Dodging        | |  1.7
Spellcasting   | |  2.0
Transmutations | |  2.0

Action                   |  1- 3 |  4- 6 |  7- 9 || total
-------------------------+-------+-------+-------++-------
Melee: Unarmed           |    93 |    87 |    19 ||   199
       Dagger            |     9 |    25 |       ||    34
 Cast: Sticks to Snakes  |     2 |    10 |       ||    12
 Abil: Breathe Frost     |       |       |     1 ||     1
  Use: Potion            |     1 |     2 |       ||     3
       Scroll            |       |     2 |       ||     2
 Stab: Sleeping          |     8 |     4 |       ||    12
       Distracted        |       |     1 |       ||     1
  Eat: Chunk             |     2 |     3 |       ||     5
       Meat ration       |       |     1 |       ||     1
